[Event "Titled Tuesday Blitz December 20 Early 2022"]
[White "Tsigelnitskiy, Ilusha"]
[Black "Shuvalov, Evgenij"]
[WhiteFideId "4132971"]
[BlackFideId "4187237"]
[WhiteElo "2342"]
[BlackElo "2038"]
[Result "1-0"]
[Round "04"]
[TimeControl "180+2"]
[Date "2022.12.20"]
[WhiteClock "0:00:07"]
[BlackClock "0:00:01"]

1. Nf3 Nf6 2. g3 d5 3. Bg2 Bf5 4. c4 c6 5. Qb3 Qb6 6. d3 Nbd7 7. Be3 Qxb3 8. axb3 a6 9. Nc3 e6 10. cxd5 exd5 11. Nd4 Bg6 12. Nc2 Bd6 13. b4 O-O 14. h3 Rfe8 15. Kd2 h6 16. Bd4 Nh7 17. f4 Nhf8 18. Rhf1 Ne6 19. Bg1 f5 20. Na4 Rad8 21. Kc3 Be7 22. Kb3 Bf6 23. Rfe1 Nc7 24. Nc5 Nxc5+ 25. bxc5 Nb5 26. Bf3 Bf7 27. Kb4 Bxb2 28. Rab1 Bc3+ 29. Kb3 d4+ 30. Ka4 Bxe1 31. Rxe1 Bd5 32. Bh5 Re7 33. Nxd4 Nxd4 34. Bxd4 Bf7 35. Bxf7+ Kxf7 36. Be5 Rd5 37. d4 Rdd7 38. g4 Ke6 39. gxf5+ Kxf5 40. e4+ Ke6 41. Rg1 g5 42. fxg5 hxg5 43. Rxg5 Rh7 44. Rg3 Rdf7 45. Kb4 Kd7 46. Kc4 Rf1 47. d5 Rc1+ 48. Bc3 Rh1 49. d6 R1xh3 50. Rg6 R3h4 51. Kd3 Rh3+ 52. Kc4 Re3 53. Kd4 Re2 54. Kd3 Reh2 55. Kc4 Rc2 56. Kd3 Rc1 57. Bd4 Rd1+ 58. Kc4 Re1 59. Kd3 a5 60. e5 a4 61. Kd2 Re4 62. Kd3 Re1 63. Kd2 Rhh1 64. Rg7+ Ke6 65. d7 Rd1+ 66. Kc3 Rh3+ 67. Kc4 Rh4 68. d8=Q Rhxd4+ 69. Qxd4 Rxd4+ 70. Kxd4 1-0


[Site "https://www.chess.com"]

[Event "Titled Tuesday Blitz December 20 Early 2022"]
[White "UnknownMagician"]
[Black "Luks, Artur"]
[BlackFideId "21808856"]
[WhiteElo "2635"]
[BlackElo "1577"]
[Result "0-1"]
[Round "04"]
[TimeControl "180+2"]
[Date "2022.12.20"]
[WhiteClock "0:00:40"]
[BlackClock "0:00:01"]

1. c4 c6 2. Nf3 d5 3. e3 Nf6 4. Nc3 e6 5. b3 Nbd7 6. Bb2 Bd6 7. Qc2 a6 8. d4 b5 9. Bd3 O-O 10. O-O bxc4 11. bxc4 dxc4 12. Bxc4 Bb7 13. Rfd1 Qe7 14. e4 e5 15. d5 cxd5 16. Nxd5 Nxd5 17. Bxd5 Bxd5 18. exd5 Rfc8 19. Qe2 f6 20. Rac1 Nc5 21. Nh4 g6 22. Nf3 a5 23. h4 a4 24. Ba3 Nb7 25. Bxd6 Nxd6 26. h5 a3 27. Nd4 Rxc1 28. Rxc1 Rc8 29. Nc6 Qf7 30. hxg6 hxg6 31. Qe3 Kg7 32. Qc5 Ne4 33. Qc4 Nd6 34. Qb3 Rh8 35. Qb6 g5 36. Nb4 Qh5 37. Rc7+ Kg6 38. Kf1 Qd1# 0-1


[Site "https://www.chess.com"]

[Event "Titled Tuesday Blitz December 20 Early 2022"]
[White "Ural_bogatyr"]
[Black "Mekhitarian, Krikor Sevag"]
[BlackFideId "2107660"]
[WhiteElo "2615"]
[BlackElo "2604"]
[Result "0-1"]
[Round "04"]
[TimeControl "180+2"]
[Date "2022.12.20"]
[WhiteClock "0:00:02"]
[BlackClock "0:00:15"]

1. d4 Nf6 2. Nc3 d6 3. e4 g6 4. h4 h6 5. Be3 Bg7 6. f3 a6 7. a4 Nc6 8. Qd2 e5 9. Nge2 h5 10. dxe5 Nxe5 11. Nd4 Bd7 12. Bg5 Qc8 13. a5 O-O 14. O-O-O b5 15. axb6 cxb6 16. Bxf6 Bxf6 17. Nd5 Bd8 18. g4 hxg4 19. h5 g5 20. f4 Nc4 21. Bxc4 Qxc4 22. fxg5 Qa2 23. Qf4 Qa1+ 24. Kd2 Qxb2 25. Ke1 Re8 26. Nf6+ Bxf6 27. gxf6 Kh7 28. Kf2 Re5 29. Rhg1 Rae8 30. Rxg4 Bxg4 31. Qxg4 Rg8 32. Qf4 Rxh5 33. Rg1 Rxg1 34. Kxg1 Qb1+ 35. Kg2 Qh1+ 36. Kf2 Qh2+ 37. Qxh2 Rxh2+ 0-1


[Site "https://www.chess.com"]

[Event "Titled Tuesday Blitz December 20 Early 2022"]
[White "Van der Nat, Nicholas"]
[Black "vladoboch"]
[WhiteFideId "14300427"]
[WhiteElo "2362"]
[BlackElo "2445"]
[Result "1-0"]
[Round "04"]
[TimeControl "180+2"]
[Date "2022.12.20"]
[WhiteClock "0:00:11"]
[BlackClock "0:00:02"]

1. c4 c5 2. g3 Nc6 3. Bg2 g6 4. Nc3 Bg7 5. Nf3 e5 6. O-O Nge7 7. d3 O-O 8. Ne1 d6 9. Nc2 Be6 10. Nd5 Rb8 11. Rb1 a6 12. b3 b5 13. Bd2 h6 14. e3 Kh7 15. f4 f5 16. Qe2 Bg8 17. Rbe1 Nxd5 18. cxd5 Ne7 19. e4 Qc7 20. fxe5 Bxe5 21. Bf4 Bc3 22. Rc1 g5 23. Bd2 Bg7 24. Kh1 Kh8 25. Ne3 Rbe8 26. Qh5 Bf7 27. Qd1 Bg6 28. Nxf5 Nxf5 29. exf5 Bxf5 30. Bc3 Bxc3 31. Rxc3 Qg7 32. Rc2 Qd4 33. Rcf2 Re5 34. g4 Rfe8 35. gxf5 Re3 36. Qh5 Qf6 37. Qg6 Qxg6 38. fxg6 Kg7 39. Be4 R8xe4 40. dxe4 Rxe4 41. Rf7+ Kxg6 42. R7f6+ Kh5 43. Rxd6 Re2 44. Rc6 Rxa2 45. Rxc5 Rd2 46. b4 Rd4 47. Rfc1 g4 48. Rf1 Rxb4 49. d6+ Kh4 50. Rd5 Rb2 51. d7 Kh3 52. Rd3+ Kh4 53. d8=Q+ Kh5 54. Rd5+ Kg6 55. Qf6+ Kh7 56. Rd7+ Kg8 57. Qg7# 1-0


[Site "https://www.chess.com"]

[Event "Titled Tuesday Blitz December 20 Early 2022"]
[White "Viktorin, Tomas"]
[Black "Ong, Chong Ghee"]
[WhiteFideId "328316"]
[BlackFideId "5800145"]
[WhiteElo "1971"]
[BlackElo "2307"]
[Result "1-0"]
[Round "04"]
[TimeControl "180+2"]
[Date "2022.12.20"]
[WhiteClock "0:01:18"]
[BlackClock "0:00:13"]

1. d4 e6 2. c4 d5 3. Nf3 f5 4. g3 Nf6 5. Bg2 c6 6. O-O Bd6 7. b3 Qe7 8. a4 O-O 9. Ba3 Bxa3 10. Nxa3 Bd7 11. Nc2 Be8 12. e3 Bh5 13. Qd2 Bxf3 14. Bxf3 Nbd7 15. Qb4 Qxb4 16. Nxb4 a5 17. Nd3 Ne4 18. Bxe4 fxe4 19. Nf4 Rae8 20. Rab1 e5 21. dxe5 g5 22. Ne2 Nxe5 23. cxd5 cxd5 24. Kg2 Rc8 25. Rbc1 Nd3 26. Rc3 Rc6 27. f3 Rfc8 28. Rxc6 Rxc6 29. fxe4 dxe4 30. Nd4 Rc1 31. Rf5 h6 32. Kh3 Re1 33. Kg4 Rxe3 34. Kh5 Ne1 35. Kg6 g4 36. Ne6 Rf3 37. Rc5 Rf8 38. Nxf8 Kxf8 39. Kf6 Ke8 40. Re5+ Kd7 41. Rxe4 Nf3 42. Rxg4 Nxh2 43. Rg7+ Kc6 44. Kg6 Nf1 45. Kxh6 b5 46. Rg6+ Kc5 47. Rg5+ 1-0


[Site "https://www.chess.com"]

[Event "Titled Tuesday Blitz December 20 Early 2022"]
[White "VincentKeymer"]
[Black "Yildiz, Ayse Emek"]
[BlackFideId "6303528"]
[WhiteElo "2980"]
[BlackElo "1702"]
[Result "1-0"]
[Round "04"]
[TimeControl "180+2"]
[Date "2022.12.20"]
[WhiteClock "0:00:01"]
[BlackClock "0:00:01"]

1. Nf3 d5 2. e3 Nf6 3. c4 e6 4. Nc3 Be7 5. b3 O-O 6. Bb2 c5 7. cxd5 exd5 8. d4 b6 9. Bd3 Nc6 10. Bb5 Bb7 11. O-O Rc8 12. Ne2 a6 13. Bd3 Nb4 14. Bf5 Rc7 15. a3 Nc6 16. Rc1 Bc8 17. Bxc8 Rxc8 18. dxc5 bxc5 19. Bxf6 gxf6 20. Ng3 Qd7 21. Nh4 Rfd8 22. Nhf5 Ne5 23. Qxd5 Qxd5 24. Nxe7+ Kf8 25. Nxd5 Rxd5 26. Rc3 c4 27. f4 Nd7 28. bxc4 Rdc5 29. Rd1 Ke7 30. Rd4 Nb6 31. Rb3 Nxc4 32. h3 Nd6 33. Rbd3 R8c6 34. Kf2 f5 35. Kf3 h6 36. Rd5 Ke6 37. R5d4 Rc4 38. e4 Rxd4 39. Rxd4 Rc3+ 40. Kf2 Rxa3 41. e5 Ra2+ 42. Kg1 Nb5 43. Rc4 a5 44. Rc6+ Kd5 45. Rxh6 a4 46. Ra6 a3 47. Nxf5 Rb2 48. Nd6 Nxd6 49. exd6 a2 50. d7 Rb8 51. Rxa2 Rd8 52. Rd2+ Ke4 53. g3 Ke3 54. Rd6 Kf3 55. Kh2 f5 56. h4 Kg4 57. Kg2 Kh5 58. Kf3 1-0


[Site "https://www.chess.com"]

[Event "Titled Tuesday Blitz December 20 Early 2022"]
[White "VitorBronson"]
[Black "RianKapriaga"]
[WhiteElo "2459"]
[BlackElo "2327"]
[Result "1-0"]
[Round "04"]
[TimeControl "180+2"]
[Date "2022.12.20"]
[WhiteClock "0:01:49"]
[BlackClock "0:00:02"]

1. e4 c6 2. d4 d5 3. exd5 cxd5 4. Bd3 Nc6 5. c3 Nf6 6. Ne2 Bg4 7. O-O e6 8. Qe1 Bd6 9. f3 Bh5 10. Qh4 O-O 11. Bg5 Bg6 12. Bxg6 hxg6 13. Nd2 Rb8 14. f4 Be7 15. Nf3 Ne4 16. Bxe7 Qxe7 17. Qh3 Qd6 18. Ng3 Qxf4 19. Nxe4 dxe4 20. Ne5 Qh6 21. Qxh6 gxh6 22. Nd7 f5 23. Nxb8 Rxb8 24. Rad1 Ne7 25. c4 b5 26. d5 Kf7 27. d6 Nc6 28. cxb5 Rxb5 29. Rc1 Rb6 30. d7 Ke7 31. Rfd1 Nd8 32. b3 Rb7 33. Kf2 Rxd7 34. Rxd7+ Kxd7 35. Rc4 g5 36. Ra4 Nc6 37. Ke3 Kd6 38. b4 Kd5 39. b5 f4+ 40. Kd2 Nd4 41. Rxa7 e3+ 42. Ke1 Nxb5 43. Rd7+ Ke4 44. a4 Nc3 45. a5 g4 46. a6 f3 47. gxf3+ gxf3 48. a7 f2+ 49. Kf1 Kf3 50. Rf7+ Ke4 51. a8=Q+ Nd5 52. Qc6 e5 53. Rd7 1-0


[Site "https://www.chess.com"]

[Event "Titled Tuesday Blitz December 20 Early 2022"]
[White "Volkov, Nikolay Nik."]
[Black "CaptainCasanova"]
[WhiteFideId "4176626"]
[WhiteElo "2123"]
[BlackElo "2584"]
[Result "0-1"]
[Round "04"]
[TimeControl "180+2"]
[Date "2022.12.20"]
[WhiteClock "0:00:02"]
[BlackClock "0:00:15"]

1. Nf3 b5 2. g3 Bb7 3. Bg2 Nf6 4. O-O g6 5. d4 Bg7 6. b3 O-O 7. Bb2 a5 8. Nc3 b4 9. Nb1 d6 10. a4 c5 11. e3 Nbd7 12. Nbd2 Rc8 13. Qe2 Qb6 14. e4 Ba6 15. Nc4 Bxc4 16. bxc4 cxd4 17. Bxd4 Qc7 18. Nd2 e5 19. Be3 Nb6 20. Bxb6 Qxb6 21. Qd3 Rfd8 22. h3 Nd7 23. Rfd1 Nc5 24. Qd5 Qc7 25. Nb3 Ra8 26. Rd2 Bf6 27. Kh2 Kg7 28. Ra2 h5 29. h4 Qe7 30. Qc6 Ne6 31. Rd5 Rdc8 32. Qb5 Nc7 33. Qb6 Nxd5 34. cxd5 Qc7 35. Qe3 Qc3 36. Qe2 Kh6 37. Bf3 g5 38. hxg5+ Bxg5 39. Ra1 h4 40. gxh4 Bf4+ 41. Kh3 Qxc2 42. Qxc2 Rxc2 43. Rg1 Rxf2 44. Bg4 Rh2# 0-1


[Site "https://www.chess.com"]

[Event "Titled Tuesday Blitz December 20 Early 2022"]
[White "Wild, Achim"]
[Black "Derybas, Igor"]
[WhiteFideId "4658728"]
[BlackFideId "41846400"]
[WhiteElo "2265"]
[BlackElo "1490"]
[Result "0-1"]
[Round "04"]
[TimeControl "180+2"]
[Date "2022.12.20"]
[WhiteClock "0:00:12"]
[BlackClock "0:00:08"]

1. a3 Nf6 2. Nf3 d5 3. d4 Bg4 4. e3 Nc6 5. h3 Bxf3 6. Qxf3 e5 7. dxe5 Nxe5 8. Qd1 Bd6 9. Be2 O-O 10. O-O c6 11. b3 Ne4 12. Bb2 Qf6 13. Ra2 Qg6 14. Nd2 Ng5 15. Kh1 Rfe8 16. f4 Nxh3 17. gxh3 Qg3 18. Bg4 Nxg4 19. Qxg4 Qxg4 20. hxg4 Rxe3 21. Rf2 Rae8 22. Kg2 Re2 23. Be5 Rxf2+ 24. Kxf2 Bxe5 25. fxe5 Rxe5 26. c4 h5 27. Nf3 Re4 28. gxh5 dxc4 29. bxc4 Rxc4 30. Rb2 b5 31. Rb4 Rc2+ 32. Kg3 Rc3 33. a4 a5 34. Rg4 b4 35. Kf2 c5 36. Ke2 Ra3 37. Rc4 Rxa4 38. Rxc5 Ra2+ 39. Kd3 f6 40. Nd4 a4 41. Rc7 Rh2 42. Ra7 Rh3+ 43. Kc4 b3 44. Rxa4 b2 45. Rb4 Rh2 46. Kc3 Rh3+ 47. Kc4 Rxh5 48. Rxb2 Rh4 49. Re2 Kh7 50. Kd3 Rh3+ 51. Re3 Rh1 52. Rf3 Kh6 53. Ke3 Re1+ 54. Ne2 Ra1 55. Kf2 Kg6 56. Rh3 Kf7 57. Rf3 g5 58. Kg2 Kg6 59. Kf2 f5 60. Rd3 Ra2 61. Rd6+ Kh5 62. Rd5 f4 63. Kf3 Ra3+ 64. Ke4 Kg4 65. Nxf4 Ra4+ 66. Ke3 gxf4+ 67. Kf2 Ra2+ 68. Kf1 Kg3 69. Rg5+ Kf3 70. Kg1 Ra1+ 71. Kh2 Kf2 72. Rg2+ Ke3 73. Rb2 Ra3 74. Kg1 f3 75. Rb1 Kf4 76. Kf2 Ra2+ 77. Kg1 Kg3 78. Kh1 Rh2+ 79. Kg1 f2+ 80. Kf1 Rh1+ 81. Ke2 Rxb1 0-1


[Site "https://www.chess.com"]

[Event "Titled Tuesday Blitz December 20 Early 2022"]
[White "Willi_Skibbe"]
[Black "Cag, Ceyda"]
[BlackFideId "34571477"]
[WhiteElo "2346"]
[BlackElo "2157"]
[Result "1-0"]
[Round "04"]
[TimeControl "180+2"]
[Date "2022.12.20"]
[WhiteClock "0:00:35"]
[BlackClock "0:00:25"]

1. c4 e5 2. Nc3 Bc5 3. Nf3 d6 4. e3 a6 5. d4 exd4 6. exd4 Ba7 7. Bd3 Nc6 8. d5 Ne5 9. Nxe5 dxe5 10. O-O Ne7 11. Qh5 g6 12. Qh6 Bf5 13. Ne4 Bxe4 14. Bxe4 Qd6 15. Bg5 O-O-O 16. Qg7 Rhf8 17. Qf6 Ng8 18. Qxd6 Rxd6 19. Rac1 f5 20. Bf3 h6 21. Bd2 e4 22. Be2 Rd7 23. Rfd1 g5 24. Kf1 f4 25. Bg4 e3 26. Bb4 Rf7 27. f3 Nf6 28. Bxd7+ Nxd7 29. Ke2 Ne5 30. b3 b6 31. Bc3 Nd7 32. Bd4 Kb7 33. a3 Bb8 34. b4 c6 35. dxc6+ Kxc6 36. c5 b5 37. Bb2 Be5 38. Bxe5 Nxe5 39. Rd6+ Kb7 40. Rb6+ Ka7 41. Rxh6 Rc7 42. Rh5 Rg7 43. Rh6 Nd7 44. Rd6 Nb8 45. c6 Rc7 46. Rc5 Kb6 47. Rxg5 Nxc6 48. Rc5 a5 49. g3 axb4 50. axb4 Kb7 51. Rdxc6 Rxc6 52. Rxc6 Kxc6 53. gxf4 Kd5 54. Kxe3 Kc4 55. f5 Kxb4 56. f6 Kc3 57. f7 b4 58. f8=Q b3 59. Qb8 Kc2 60. Qxb3+ Kxb3 61. Kd4 Kb4 62. f4 Kb5 63. Kd5 Kb6 64. Kd6 Kb7 65. Kd7 Kb6 66. f5 Kc5 67. f6 Kd4 68. f7 Ke5 69. f8=Q 1-0


[Site "https://www.chess.com"]

[Event "Titled Tuesday Blitz December 20 Early 2022"]
[White "Witek, Tomasz"]
[Black "Forgacs, Gyula"]
[WhiteFideId "1130056"]
[BlackFideId "701203"]
[WhiteElo "2000"]
[BlackElo "2305"]
[Result "1-0"]
[Round "04"]
[TimeControl "180+2"]
[Date "2022.12.20"]
[WhiteClock "0:00:11"]
[BlackClock "0:00:23"]

1. d4 Nf6 2. Nf3 g6 3. Bg5 Bg7 4. c3 O-O 5. Nbd2 d6 6. e4 c5 7. dxc5 dxc5 8. Bc4 Nc6 9. Qe2 h6 10. Be3 b6 11. h3 Bb7 12. Bf4 e6 13. Rd1 Qe7 14. O-O Rad8 15. Rfe1 Nh5 16. Bh2 e5 17. Bd5 Nf4 18. Bxf4 exf4 19. Qb5 Ne5 20. Nxe5 Bxe5 21. Nf3 Bg7 22. a4 Qc7 23. Bxb7 Qxb7 24. Rxd8 Rxd8 25. e5 a6 26. Qc4 g5 27. e6 fxe6 28. Rxe6 Qf7 29. Qe4 b5 30. Rxa6 bxa4 31. Rxa4 g4 32. hxg4 Rd1+ 33. Kh2 h5 34. Ra8+ Bf8 35. Ng5 Qf6 36. Qh7# 1-0


[Site "https://www.chess.com"]

[Event "Titled Tuesday Blitz December 20 Early 2022"]
[White "WizardSA"]
[Black "Garcia Brion, Eduardo"]
[BlackFideId "2223864"]
[WhiteElo "2098"]
[BlackElo "2175"]
[Result "0-1"]
[Round "04"]
[TimeControl "180+2"]
[Date "2022.12.20"]
[WhiteClock "0:00:02"]
[BlackClock "0:00:06"]

1. e4 c5 2. Nf3 d6 3. d4 cxd4 4. Nxd4 Nf6 5. Nc3 a6 6. Be2 e5 7. Nb3 Be7 8. Bg5 Nbd7 9. O-O O-O 10. Re1 b5 11. Bxf6 Nxf6 12. Bf1 Bb7 13. Nd5 Nxd5 14. exd5 f5 15. f4 exf4 16. a4 Bh4 17. Re2 Qb6+ 18. Kh1 Rae8 19. Rxe8 Rxe8 20. axb5 axb5 21. Nd4 Re1 22. Qh5 g6 23. Qxh4 Rxa1 24. Qf2 Qxd4 25. Qe2 Qe4 26. Qxb5 Qe1 27. Kg1 Qxf1+ 28. Qxf1 Rxf1+ 29. Kxf1 Bxd5 30. Kf2 Be4 31. c4 Kf7 32. b4 d5 33. c5 d4 34. b5 d3 35. c6 Ke6 36. g3 f3 37. Ke3 Kd6 38. h4 h6 39. Kd2 g5 40. hxg5 hxg5 41. Ke3 g4 42. Kf2 d2 43. c7 d1=Q 0-1


[Site "https://www.chess.com"]

[Event "Titled Tuesday Blitz December 20 Early 2022"]
[White "Xiong, Jeffery"]
[Black "Leon-Black"]
[WhiteFideId "2047640"]
[WhiteElo "2692"]
[BlackElo "2634"]
[Result "1-0"]
[Round "04"]
[TimeControl "180+2"]
[Date "2022.12.20"]
[WhiteClock "0:01:20"]
[BlackClock "0:00:21"]

1. e4 e5 2. Nf3 Nc6 3. Nc3 Nf6 4. d4 exd4 5. Nxd4 Bb4 6. Nxc6 bxc6 7. Bd3 O-O 8. O-O d5 9. exd5 cxd5 10. h3 h6 11. Qf3 Re8 12. Rd1 c6 13. Bf4 Bd6 14. b3 Rb8 15. Na4 Qc7 16. Bxd6 Qxd6 17. c4 Rb7 18. Rac1 Rbe7 19. cxd5 cxd5 20. Bf1 Ba6 21. Bxa6 Qxa6 22. Nc3 Re5 23. Nxd5 Nxd5 24. Rxd5 Rxd5 25. Qxd5 Qxa2 26. g4 a5 27. Rc7 Rf8 28. Ra7 Qa1+ 29. Kg2 Qf6 30. Rxa5 g6 31. Ra8 Rxa8 32. Qxa8+ Kg7 33. b4 Qd4 34. b5 h5 35. gxh5 gxh5 36. Qc6 Qe5 37. b6 Qg5+ 38. Kf1 Qf5 39. b7 Qxh3+ 40. Qg2+ 1-0


[Site "https://www.chess.com"]

[Event "Titled Tuesday Blitz December 20 Early 2022"]
[White "aidenzhouu"]
[Black "Zampronha, Wladimir Camilo"]
[BlackFideId "2103087"]
[WhiteElo "2386"]
[BlackElo "2176"]
[Result "1-0"]
[Round "04"]
[TimeControl "180+2"]
[Date "2022.12.20"]
[WhiteClock "0:00:18"]
[BlackClock "0:00:10"]

1. Nf3 Nf6 2. c4 e6 3. d4 d5 4. g3 Be7 5. Bg2 O-O 6. O-O dxc4 7. Qc2 a6 8. Qxc4 b5 9. Qc2 Bb7 10. Bf4 Nc6 11. Rd1 Nb4 12. Qc1 Rc8 13. Nc3 Nbd5 14. Ne5 b4 15. Nxd5 Nxd5 16. Nc6 Nxf4 17. gxf4 Bxc6 18. Qxc6 Qd6 19. e3 Qxc6 20. Bxc6 a5 21. Rac1 Rb8 22. b3 Bd6 23. Rc2 Rfd8 24. Kg2 Kf8 25. Kf3 f5 26. h4 Ke7 27. Rg1 Kf6 28. Ba4 Rg8 29. Rc6 Rb6 30. Rxb6 cxb6 31. Rc1 Rb8 32. Rc6 Ke7 33. Bb5 Rb7 34. Bc4 Rb8 35. Bb5 g6 36. Ke2 Rb7 37. Kd3 Bc7 38. Bc4 Bd6 39. Ba6 Rb8 40. Kc4 Kd7 41. Bb5 Rc8 42. Rxc8+ Kxc8 43. d5 e5 44. fxe5 Bxe5 45. Be8 Bf6 46. h5 Kd8 47. Bf7 gxh5 48. Bxh5 Bh4 49. f3 Bf2 50. Kd4 Kc7 51. f4 Kd6 52. Be2 Ke7 53. Bd3 Kf6 54. d6 Ke6 55. d7 Kxd7 56. Bxf5+ Kd6 57. Bxh7 Bg1 58. Bd3 Bf2 59. Bb5 Bg1 60. Kd3 Bh2 61. Ke4 Bg3 62. Kf3 Be1 63. e4 Bc3 64. Bc4 Kc5 65. e5 b5 66. Bg8 a4 67. Ke4 a3 68. f5 Bd2 69. f6 Bh6 70. Kf5 Kd4 71. e6 Kc3 72. e7 1-0


[Site "https://www.chess.com"]

[Event "Titled Tuesday Blitz December 20 Early 2022"]
[White "alexrustemov"]
[Black "Andrei_Skvortsov"]
[WhiteElo "2891"]
[BlackElo "2717"]
[Result "1/2-1/2"]
[Round "04"]
[TimeControl "180+2"]
[Date "2022.12.20"]
[WhiteClock "0:00:02"]
[BlackClock "0:00:09"]

1. d4 d5 2. c4 e6 3. Nc3 Nf6 4. cxd5 exd5 5. Bg5 c6 6. e3 h6 7. Bh4 Be7 8. Bd3 a5 9. Nf3 Na6 10. O-O O-O 11. h3 Nc7 12. Qc2 Re8 13. a3 Ne6 14. Rab1 Nh5 15. Bxe7 Qxe7 16. Ne5 Nf6 17. b4 axb4 18. axb4 Nc7 19. Rfc1 Nd7 20. Nxd7 Bxd7 21. b5 Reb8 22. bxc6 bxc6 23. Na4 Rxb1 24. Rxb1 Ne6 25. Rb7 Qd6 26. Bf5 Bc8 27. Rb1 Nxd4 28. exd4 Bxf5 29. Qxf5 Rxa4 30. g3 Ra8 31. Rb7 Rf8 32. Rd7 Qb4 33. Qf4 c5 34. Rxd5 cxd4 35. Rxd4 Qb1+ 36. Kg2 Qb7+ 37. Kh2 Qc6 38. Rd6 Qc5 39. Rd7 Qc6 40. Rc7 Qd5 41. h4 Qe6 42. Rc3 Qd5 43. Re3 h5 44. Re5 Qd1 45. Qg5 f6 46. Qxh5 Qf1 47. Qe2 Qb1 48. Re7 Qf5 49. Qe6+ Qxe6 50. Rxe6 Kf7 51. Ra6 Kg6 52. g4 Rh8 53. h5+ Kg5 54. Kg3 Kh6 55. f4 Kh7 56. g5 fxg5 57. fxg5 Rc8 58. Ra7 Rc5 59. Kf4 Rc4+ 60. Kf3 Rc3+ 61. Ke4 Rg3 62. Kf5 Rf3+ 63. Kg4 Rf8 64. h6 Rg8 65. Kf5 Rf8+ 66. Ke6 Rg8 67. Kf5 Rf8+ 68. Kg4 Rg8 69. Kh5 Kh8 70. hxg7+ Rxg7 71. Ra8+ Kh7 72. Ra6 Rc7 73. Rh6+ Kg7 74. Re6 Rc1 75. Re7+ Kf8 76. Ra7 Rc6 77. Kg4 Rc5 78. Kf4 Rb5 79. Kg4 Kg8 80. Kh5 Rb6 81. Rc7 Rd6 82. Rb7 Rc6 83. Ra7 Rd6 84. Ra8+ Kg7 85. Rb8 Rc6 86. Rb7+ Kg8 87. Rb5 Rd6 88. Kg4 Rc6 89. Kf5 Kg7 90. Rb7+ Kg8 91. Re7 Rb6 92. Re5 Ra6 93. Rd5 Rb6 94. Rd7 Ra6 95. Re7 Rb6 96. Kg4 Ra6 97. Kh5 Rb6 98. Ra7 Rc6 99. Rb7 Rd6 100. Rc7 Rb6 101. Rd7 Ra6 102. Rd4 Rb6 103. g6 Rb1 104. Rf4 Kg7 105. Rf7+ Kg8 106. Rf5 Kg7 107. Rf7+ Kg8 108. Ra7 Rc1 109. g7 Rh1+ 110. Kg6 Rg1+ 111. Kf6 Rg6+ 112. Kxg6 1/2-1/2


[Site "https://www.chess.com"]

[Event "Titled Tuesday Blitz December 20 Early 2022"]
[White "annacramling"]
[Black "Artels, Lieven"]
[BlackFideId "205834"]
[WhiteElo "2219"]
[BlackElo "1984"]
[Result "1-0"]
[Round "04"]
[TimeControl "180+2"]
[Date "2022.12.20"]
[WhiteClock "0:00:44"]
[BlackClock "0:00:20"]

1. d4 Nf6 2. c4 g6 3. Nc3 Bg7 4. e4 d6 5. h3 O-O 6. Nf3 Nbd7 7. Bg5 e5 8. d5 a5 9. Be2 Nc5 10. Qc2 Qd7 11. g4 Ne8 12. O-O-O f6 13. Be3 f5 14. gxf5 gxf5 15. Rhg1 f4 16. Bxc5 dxc5 17. Ng5 Qd6 18. Nb5 Qb6 19. Bg4 c6 20. Nc3 Nc7 21. d6 Bxg4 22. Rxg4 Na6 23. Ne6 Rf7 24. Rdg1 Nb4 25. Rxg7+ Rxg7 26. Rxg7+ Kh8 27. Qe2 Rg8 28. Rxg8+ Kxg8 29. Qg4+ Kf7 30. Qg7+ Kxe6 31. Qe7# 1-0


[Site "https://www.chess.com"]

[Event "Titled Tuesday Blitz December 20 Early 2022"]
[White "bardiya_Daneshvar"]
[Black "Liaqat, Ali ISB"]
[BlackFideId "7807058"]
[WhiteElo "2903"]
[BlackElo "1927"]
[Result "0-1"]
[Round "04"]
[TimeControl "180+2"]
[Date "2022.12.20"]
[WhiteClock "0:00:44"]
[BlackClock "0:00:38"]

1. b3 d5 2. Bb2 c5 3. e3 a6 4. Nf3 Nc6 5. d4 Nf6 6. dxc5 e6 7. a3 Bxc5 8. b4 Ba7 9. c4 O-O 10. cxd5 exd5 11. Be2 Bg4 12. O-O Re8 13. h3 Bh5 14. Re1 Qd6 15. Nbd2 Rad8 16. Nf1 Ne4 17. N3d2 Bxe2 18. Nxe4 Rxe4 19. Rxe2 d4 20. Ng3 Ree8 21. Nf5 Qe6 22. e4 g6 23. Nh6+ Kg7 24. Ng4 h5 25. Nh2 Ne5 26. Rc1 Kg8 27. Rec2 d3 28. Rc7 d2 29. R1c2 Nd3 30. Qxd2 Nxb2 31. Qe2 Nd3 32. Rxb7 Bxf2+ 33. Kh1 Qxe4 0-1


[Site "https://www.chess.com"]

[Event "Titled Tuesday Blitz December 20 Early 2022"]
[White "bazar-wokzal"]
[Black "Benecke, Torsten"]
[BlackFideId "16240995"]
[WhiteElo "2582"]
[BlackElo "1988"]
[Result "1-0"]
[Round "04"]
[TimeControl "180+2"]
[Date "2022.12.20"]
[WhiteClock "0:00:14"]
[BlackClock "0:00:02"]

1. e4 c5 2. c3 d5 3. exd5 Qxd5 4. d4 e6 5. a3 Nf6 6. Nf3 cxd4 7. cxd4 Nc6 8. Nc3 Qd8 9. Be3 Be7 10. Qc2 O-O 11. Bd3 a6 12. O-O h6 13. Rad1 Bd7 14. Qd2 Bd6 15. Bxh6 gxh6 16. Qxh6 Re8 17. Ng5 Bxh2+ 18. Qxh2 Kg7 19. Qg3 Kf8 20. Rfe1 Qb8 21. Qh4 Kg7 22. Nh7 Ng8 23. Re3 Nce7 24. Rg3+ Ng6 25. Bxg6 fxg6 26. Qg5 Qxg3 27. fxg3 Kxh7 28. Rf1 Rf8 29. Rf4 Rxf4 30. gxf4 Rf8 31. Ne4 Kg7 32. Nc5 Bc8 33. Qe5+ Nf6 34. g4 Kf7 35. g5 Nd5 36. Ne4 Ke7 37. Qd6+ Ke8 38. Qb8 Ke7 39. Qd6+ Ke8 40. Nc5 Rxf4 41. Nxe6 1-0


[Site "https://www.chess.com"]

[Event "Titled Tuesday Blitz December 20 Early 2022"]
[White "biostatistician"]
[Black "harperchesstt"]
[WhiteElo "2574"]
[BlackElo "2366"]
[Result "1-0"]
[Round "04"]
[TimeControl "180+2"]
[Date "2022.12.20"]
[WhiteClock "0:02:46"]
[BlackClock "0:00:19"]

1. d4 Nf6 2. Nf3 g6 3. c4 Bg7 4. Nc3 d6 5. e4 O-O 6. Be2 e5 7. dxe5 dxe5 8. Qxd8 Rxd8 9. Bg5 Re8 10. Nd5 Nxd5 11. cxd5 c6 12. Bc4 cxd5 13. Bxd5 Nd7 14. Nd2 Nb6 15. Bb3 Be6 16. Ke2 Bxb3 17. axb3 Nd7 18. Rhc1 b6 19. Rc7 Nc5 20. Raxa7 Rxa7 21. Rxa7 Ne6 22. Be3 Nd4+ 23. Bxd4 exd4 24. Kd3 h6 25. Nc4 f5 26. exf5 gxf5 27. Nxb6 Re1 28. Nd5 Rb1 29. Ne7+ Kf8 30. Nxf5 Be5 31. g3 Rxb2 32. f4 Rxb3+ 33. Ke4 Bb8 34. Nxd4 Bxa7 35. Nxb3 Kf7 36. Kf5 Bg1 37. h3 Bh2 38. g4 Bg1 39. Nd2 Bd4 40. Nf3 Ba1 41. h4 Bb2 42. g5 hxg5 43. hxg5 Ba1 44. Ne5+ Kg7 45. Ke6 Bc3 46. f5 Bd2 47. f6+ Kh8 48. g6 Bb4 49. Nf7+ Kg8 50. Nh6+ 1-0


[Site "https://www.chess.com"]

[Event "Titled Tuesday Blitz December 20 Early 2022"]
[White "cancrushyou"]
[Black "AttractiveChess"]
[WhiteElo "2530"]
[BlackElo "2784"]
[Result "0-1"]
[Round "04"]
[TimeControl "180+2"]
[Date "2022.12.20"]
[WhiteClock "0:00:25"]
[BlackClock "0:02:01"]

1. d4 Nf6 2. c4 e6 3. g3 d5 4. Nf3 dxc4 5. Bg2 Bd7 6. Ne5 Bc6 7. Nxc6 Nxc6 8. O-O Qd7 9. e3 Rd8 10. Qa4 Nb4 11. Qxd7+ Rxd7 12. Na3 c5 13. Nxc4 cxd4 14. exd4 Rxd4 15. b3 Rd7 16. Bf4 Nbd5 17. Bb8 Bc5 18. Rac1 O-O 19. Ne5 Rxb8 20. Rxc5 Rdd8 21. Rfc1 Kf8 22. g4 g5 23. h4 h6 24. hxg5 hxg5 25. f4 gxf4 26. g5 Nd7 0-1


[Site "https://www.chess.com"]

[Event "Titled Tuesday Blitz December 20 Early 2022"]
[White "dirk_da_player"]
[Black "CDOEspiao"]
[WhiteElo "2339"]
[BlackElo "2486"]
[Result "0-1"]
[Round "04"]
[TimeControl "180+2"]
[Date "2022.12.20"]
[WhiteClock "0:00:15"]
[BlackClock "0:00:26"]

1. e4 c5 2. c3 Qa5 3. Nf3 e6 4. Bd3 b5 5. O-O c4 6. Bc2 Bb7 7. d4 cxd3 8. Qxd3 Ne7 9. Nbd2 Ng6 10. Nb3 Qd8 11. Re1 a6 12. a4 Nc6 13. axb5 axb5 14. Rxa8 Qxa8 15. Qxb5 Be7 16. Qd3 O-O 17. Nbd4 Nce5 18. Nxe5 Nxe5 19. Qg3 Ng6 20. Bg5 f6 21. Be3 Bxe4 22. Bxe4 Qxe4 23. Qc7 Qd5 24. c4 Qd6 25. Qxd6 Bxd6 26. Nb5 Bb4 27. Rd1 Ne5 28. b3 Ra8 29. h3 g5 30. f4 gxf4 31. Bxf4 d6 32. Kf1 Kf8 33. Nc7 Ra3 34. Nxe6+ Ke7 35. Nd4 Bc5 36. b4 Bxd4 37. Rxd4 Rb3 38. Bxe5 fxe5 39. Rh4 Rxb4 40. Rxh7+ Ke6 41. Rh6+ Kd7 42. Rh4 Kc6 43. Rg4 Kc5 44. h4 d5 45. h5 dxc4 46. h6 Rb1+ 47. Kf2 Rh1 48. Rg6 c3 49. Ke2 c2 50. Rg8 c1=Q 51. Rc8+ Kd6 52. Rxc1 Rxc1 53. g4 Ke6 0-1


[Site "https://www.chess.com"]